 Dungeon Crawl Stone Soup version 0.30-a0-883-g5ad918d77d (webtiles) character file.

Game seed: 12497241617241441483

53 Pimp the Stinger (level 3, -2/22 HPs)
             Began as an Octopode Venom Mage on Mar 17, 2023.
             Slain by a worm (9 damage)
             ... on level 2 of the Dungeon.
             The game lasted 00:03:43 (1039 turns).

Pimp the Stinger (Octopode Venom Mage)              Turns: 1039, Time: 00:03:44

Health: -2/22      AC:  1    Str:  7    XL:     3   Next: 89%
Magic:  6/6        EV: 13    Int: 19    God:
Gold:   38         SH:  0    Dex: 12    Spells: 3/6 levels left

rFire   . . .      SeeInvis .    f - +0 dagger
rCold   . . .      Faith    .    (no shield)
rNeg    . . .      Spirit   .    (helmet restricted)
rPois   +          Reflect  .    (no amulet)
rElec   .          Rampage  .    g - ring of poison resistance
rCorr   .                        (no ring)
Will    .....                    (no ring)
Stlth   +++                      (no ring)
HPRegen 0.23/turn                (no ring)
MPRegen 0.10/turn                (no ring)
                                 (no ring)
                                 (no ring)

@: no status effects
A: almost no armour, amphibious, 8 rings, camouflage 1, gelatinous body 1,
(nimble swimmer 1), tentacles
a: no special abilities


You were on level 2 of the Dungeon.
You visited 1 branch of the dungeon, and saw 2 of its levels.

You collected 38 gold pieces.

Inventory:

Hand Weapons
 f - a +0 dagger (weapon)
Missiles
 b - 3 curare-tipped darts
Jewellery
 g - a ring of poison resistance (left tentacle)
Scrolls
 d - 3 scrolls of magic mapping {unknown}
 e - a scroll of vulnerability
Potions
 a - 2 potions of magic
 c - a potion of haste {unknown}
 h - a potion of ambrosia {unknown}


   Skills:
 + Level 0.9 Fighting
 + Level 2.4 Dodging
 + Level 3.4 Stealth
 + Level 2.3 Spellcasting
 + Level 1.6 Transmutations
 + Level 4.1 Poison Magic


You had 3 spell levels left.
You knew the following spells:

 Your Spells              Type           Power      Damage    Failure   Level
a - Sting                 Tmut/Pois      52%        1d5       4%          1
b - Poisonous Vapours     Pois/Air       20%        N/A       11%         2

Your spell library contained the following spells:

 Spells                   Type           Power      Damage    Failure   Level
 Mephitic Cloud           Conj/Pois/Air  7%         N/A       28%         3
 Olgreb's Toxic Radiance  Pois           17%        N/A       30%         4
 Iron Shot                Conj/Erth      1%         9d1       100%        6
 Ignition                 Fire           1%         3d3       100%        8


Dungeon Overview and Level Annotations

Branches:
Dungeon (2/15)

Altars:


Innate Abilities, Weirdness & Mutations

You cannot wear most types of armour.
You are amphibious.
You can wear up to eight rings at the same time.
Your skin changes colour to match your surroundings (Stealth+).
Your rubbery body absorbs attacks. (AC +1, EV +1)
((You are camouflaged when in or above water. (Stealth+)))
You have tentacles for arms and can constrict up to eight enemies at once.


Message History

You kill the gnoll!
You hit the gnoll.
You kill the gnoll!
You now have 38 gold pieces (gained 1).
Things that are here:
a +0 club; a +0 flail; a gnoll corpse Magic restored.
h - a cyan potion You see here a +0 halberd.
There is a stone staircase leading up here.
A bat comes into view.
A bat is nearby!
A bat is nearby!
A worm comes into view.
A frilled lizard comes into view.
The frilled lizard hisses angrily.
The frilled lizard hisses.
The frilled lizard moves out of view.
A hobgoblin comes into view.
The bat hits you. The worm bites you!
The hobgoblin shouts!
You hit the frilled lizard but do no damage.
You grab the frilled lizard. You squeeze the frilled lizard.
You kill the frilled lizard!
The bat hits you but does no damage. The worm misses you.
You hit the worm but do no damage. Your grab misses the worm.
You squeeze the worm!
The worm is heavily wounded.
The bat hits you but does no damage. The bat hits you.
You hit the bat. You grab the bat. You squeeze the bat.
You kill the bat!
The worm bites you.
You hit the hobgoblin. You grab the hobgoblin.
The hobgoblin is heavily wounded.
You constrict the hobgoblin, but do no damage.
The hobgoblin hits you.
You hit the hobgoblin. You squeeze the hobgoblin.
You kill the hobgoblin!
The worm bites you!
You die...

.......# #......#
#......# #......#
#......# #.#.#
#......# ....
#.#.# #...w†.#
... #.... #@#
#... #.... #.##
#.. #....
#..###.# #....
##...#.# #....
###...#####.#....
##........#....
#........#g###
#........#.#
##..####.#.#


You could see a worm.

Vanquished Creatures
  3 gnolls (D:2)
  A dart slug (D:1)
  3 endoplasms
  2 hobgoblins
  3 kobolds
  2 ball pythons (D:1)
  5 bats
  3 frilled lizards
  A goblin (D:1)
  3 rats
26 creatures vanquished.

Notes
Turn   | Place    | Note
-------+----------+-------------------------------------------
     0 | D:1      | Pimp the Octopode Venom Mage began the quest for the Orb.
     0 | D:1      | Reached XP level 1. HP: 11/11 MP: 3/3
   361 | D:1      | Got Sif Muna's Quarto of Sweltering Breccia
   435 | D:1      | Reached XP level 2. HP: 17/17 MP: 5/5
   833 | D:1      | Learned a level 2 spell: Poisonous Vapours
   918 | D:2      | Reached skill level 4 in Poison Magic
   933 | D:2      | Reached XP level 3. HP: 22/22 MP: 2/6
  1039 | D:2      | Slain by a worm

Illustrated notes

Levels and vault maps discovered:
D:1:      eino_arrival_water_cross, layout_basic
D:2:      layout_basic, serial_shops, nicolae_shop_waterfront, shop,
          shapermc_ecumenical_altar_flowoftime, basic_altar

Skill      XL: |  1  2 |
---------------+-------+-----
Stealth        | 3 |  3.4
Poison Magic   | 4 |  4.1
Fighting       | |  0.9
Dodging        | |  2.4
Spellcasting   | |  2.3
Transmutations | |  1.6

Action                     || total
---------------------------++-------
  Melee: Unarmed           ||    51
         Punch             ||     2
         Constrict         ||    14
         Tentacles         ||    14
         Dagger            ||    10
   Cast: Sting             ||    18
         Poisonous Vapours ||     2
    Use: Scroll            ||     1
   Stab: Sleeping          ||     5
 Armour: Skin              ||     8
  Dodge: Dodged            ||    43

Table legend: (Time is in decaauts)
 A = Elapsed time spent in this place.
 B = Non-inter-level travel time spent in this place.
 C = Inter-level travel time spent in this place.
 D = Time resting spent in this place.
 E = Time spent auto-exploring this place.
 F = Levels seen in this place.
 G = Mean time per level.
                   A        B        C        D        E       F      G
               +--------+--------+--------+--------+--------+-----+--------+
         Total |   1037 |    994 |     43 |    178 |    584 |   2 |  518.5 |
       Dungeon |   1037 |    994 |     43 |    178 |    584 |   2 |  518.5 |
               +--------+--------+--------+--------+--------+-----+--------+

Top non-repeatable levels by time:
     D:1: 834 daAuts
     D:2: 203 daAuts
